 Dungeon Crawl Stone Soup version 0.31-a0-868-g674d60d6f7 (webtiles) character file.

Game seed: 15080759318459771677

1 kae the Vexing (level 1, -5/13 HPs)
             Began as a Demonspawn Enchanter on Oct 11, 2023.
             Killed from afar by a dart slug (6 damage)
             ... with a slug dart
             ... on level 1 of the Dungeon.
             The game lasted 00:00:04 (39 turns).

kae the Vexing (Demonspawn Enchanter)                 Turns: 39, Time: 00:00:05

Health: -5/13      AC:  2    Str:  8    XL:     1   Next: 16%
Magic:  3/3        EV: 12    Int: 16    God:
Gold:   16         SH:  0    Dex: 13    Spells: 4/4 levels left

rFire   . . .        a - +1 dagger
rCold   . . .        (no shield)
rNeg    . . .        b - +0 robe
rPois   .            (no helmet)
rElec   .            (no cloak)
rCorr   .            (no gloves)
SInv    .            (no boots)
Will    .....        (no amulet)
Stlth   ++           (no ring)
HPRegen 0.22/turn    (no ring)
MPRegen 0.08/turn

%: no passive effects
@: no status effects
A: no striking features
a: no special abilities


You were on level 1 of the Dungeon.
You visited 1 branch of the dungeon, and saw 1 of its levels.

You collected 16 gold pieces.


   Skills:
 + Level 0.0 Fighting
 * Level 0.9 Short Blades
 + Level 1.7 Dodging
 + Level 2.7 Stealth
 + Level 2.0 Spellcasting
 * Level 3.0 Hexes


You had 4 spell levels left.
You didn't know any spells.
Your spell library contained the following spells:

 Spells                   Type           Power      Damage    Failure   Level
 Ensorcelled Hibernation  Hex/Ice        12%        N/A       17%         2
 Confusing Touch          Hex            11%        N/A       19%         3
 Tukima's Dance           Hex            11%        N/A       19%         3
 Dazzling Flash           Conj/Hex       12%        N/A       32%         3

Inventory:

Hand Weapons
 a - a +1 dagger (weapon)
Armour
 b - a +0 robe (worn)
Potions
 c - 3 potions of invisibility

Dungeon Overview and Level Annotations

Branches:
Dungeon (1/15) Zot: 5960

Altars:

#~..........~#
#~.########.~#
#~..........~#
#~~~~~..~~~~~#
~.######''######.~
~..8..8....8..8..~
~~~~~~~~..~~~~~~~~
#####...########
#@### #)#
#...w.......
#...........
#...........
#...........
#...........
############


You could see a dart slug.


Message History

Lua error: /dgldir/rcfiles/crawl-git/kae.rc:525: unexpected symbol near '#' 🤖 Initializing magus.rc ...
Bad monster_list_colour key: strict_neutral Bad channel name 'pray' for runrest: 'pray:' Options error: Missing colour in message_colour setting: 'that.*feels deathly cold' Options error: Missing colour in message_colour setting: 'and you must be Full or above to equip it' Options error: Missing colour in message_colour setting: 'but rights himself reflexively soon after' Options error: Missing colour in message_colour setting: 'before it is too late' ✅ Successfully initialized magus.rc [v1.11.3] Welcome, kae the Demonspawn Enchanter.
It is said that the Orb of Zot exists deep within this dungeon.
Press ? for a list of commands and other information.
Found a staircase leading out of the dungeon.
You open the large door.
There is a large open door here.
You open the large door.
There is a large open door here.
c - 3 potions of invisibility (gained 1)
You open the large door.
There is a large open door here.
You now have 16 gold pieces.
A dart slug and a kobold come into view.
The kobold shouts!
You hear a shout!
There are monsters nearby!
There are monsters nearby!
The kobold misses you.
You hit the kobold but do no damage. The kobold closely misses you.
There are monsters nearby!
You hit the kobold.
You kill the kobold!
The dart slug launches a dart at you. The slug dart misses you.
A kobold comes into view. It is wielding a +0 whip.
The kobold hits you with a +0 whip.
Things that are here:
a +0 club; a kobold corpse
There are monsters nearby!
There are monsters nearby!
You hit the dart slug. The kobold barely misses you.
You hit the dart slug. The dart slug barely misses you.
The kobold closely misses you.
There are monsters nearby!
You hit the dart slug. The dart slug bites you.
You hit the dart slug but do no damage. The kobold closely misses you. 😕 HP[-3]
You take 3 damage, and now have 10/13 hp.
MASSIVE DAMAGE!! (PAUSE)
You hit the dart slug but do no damage. The kobold closely misses you.
The dart slug closely misses you.
Unknown command.
The kobold attacks as it pursues you! The kobold hits you with a +0 whip.
* * * LOW HITPOINT WARNING * * *
😨 HP[-4]
You take 4 damage, and now have 6/13 hp.
MASSIVE DAMAGE!! (PAUSE)
You barely miss the kobold. The kobold hits you with a +0 whip.
* * * LOW HITPOINT WARNING * * *
😱 HP[-5]
You take 5 damage, and now have 1/13 hp.
MASSIVE DAMAGE!! (PAUSE)
You hit the kobold but do no damage. The kobold completely misses you.
You hit the kobold.
You kill the kobold!
The dart slug briefly extends its eye-stalks.
The dart slug launches a dart at you. The slug dart hits you.
You die...

Action                     || total
---------------------------++-------
  Melee: Dagger            ||    10
 Armour: Robe              ||     5
  Dodge: Dodged            ||    10

Levels and vault maps discovered:
D:1:      lightli_arrival_isolated_outpost, layout_basic, serial_shops,
          shop_statue, nicolae_shop_gaudy_bauble, nicolae_book_shop_shelving,
          shop, shop, nicolae_twisty_statue_hallways

Notes
Turn   | Place    | Note
-------+----------+-------------------------------------------
     0 | D:1      | kae the Demonspawn Enchanter began the quest for the Orb.
     0 | D:1      | Reached XP level 1. HP: 13/13 MP: 3/3
     0 | D:1      | magus.rc [v1.11.3]
    37 | D:1      | HP: 1/13 [kobold/+0 whip (5)]
    39 | D:1      | Killed from afar by a dart slug

Vanquished Creatures
  2 kobolds (D:1)
2 creatures vanquished.

Table legend:
 A = Non-vault XP
 B = Vault XP
 C = Vault XP percentage of total XP
 D = Non-vault monster count
 E = Vault monster count
 F = Vault count percentage of total count
                 A         B        C        D         E       F
            +---------+---------+-------+---------+---------+-------
      Total |       4 |       0 |   0.0 |       2 |       0 |   0.0
            +---------+---------+-------+---------+---------+-------
        D:1 |       4 |       0 |   0.0 |       2 |       0 |   0.0
            +---------+---------+-------+---------+---------+-------

Action                     || total
---------------------------++-------
  Melee: Dagger            ||    10
 Armour: Robe              ||     5
  Dodge: Dodged            ||    10

Illustrated notes

Table legend:
 A = Kills in this place as a percentage of kills in the entire game.
 B = Kills by you in this place as a percentage of kills by you in the entire game.
 C = Kills by friends in this place as a percentage of kills by friends in the entire game.
 D = Other kills in this place as a percentage of other kills in the entire game.
 E = Experience gained in this place as a percentage of experience gained in the entire game.
 F = Experience gained in this place divided by the number of levels of this place that you have seen.
                   A       B       C       D       E      F
               +-------+-------+-------+-------+-------+----------------------
         Total | 100.0 | 100.0 |   N/A |   N/A | 100.0 |   4.0
       Dungeon | 100.0 | 100.0 |   N/A |   N/A | 100.0 |   4.0
               +-------+-------+-------+-------+-------+----------------------

Table legend: (Time is in decaauts)
 A = Elapsed time spent in this place.
 B = Non-inter-level travel time spent in this place.
 C = Inter-level travel time spent in this place.
 D = Time resting spent in this place.
 E = Time spent auto-exploring this place.
 F = Levels seen in this place.
 G = Mean time per level.
                   A        B        C        D        E       F      G
               +--------+--------+--------+--------+--------+-----+--------+
         Total |     38 |     38 |      0 |      0 |     26 |   1 |   38.0 |
       Dungeon |     38 |     38 |      0 |      0 |     26 |   1 |   38.0 |
               +--------+--------+--------+--------+--------+-----+--------+

Top non-repeatable levels by time:
     D:1: 38 daAuts
